 Dungeon Crawl Stone Soup version 0.25.0-9-g26727b6 (webtiles) character file.

Game seed: 6537088481367271358

91 sighowe the Skirmisher (level 4, -2/40 HPs)
             Began as a Draconian Abyssal Knight on June 17, 2020.
             Was a Follower of Lugonu.
             Slain by an orc
             ... wielding a +2 flail of protection
              (5 damage)
             ... on level 2 of the Dungeon.
             The game lasted 00:05:52 (2198 turns).

sighowe the Skirmisher (Draconian Abyssal Knight)   Turns: 2198, Time: 00:05:53

Health: -2/40      AC:  5    Str: 15    XL:     4   Next: 34%
Magic:  6/6        EV: 12    Int: 13    God:    Lugonu [*.....]
Gold:   90         SH:  0    Dex: 10    Spells: 3/3 levels left

rFire    . . .     SeeInvis +   a - +1 falchion
rCold    . . .     Gourm    .   (no shield)
rNeg     . . .     Faith    .   (armour unavailable)
rPois    .         Spirit   .   (helmet restricted)
rElec    .         Reflect  .   (no cloak)
rCorr    .         Harm     .   (no gloves)
MR       .....                  (no boots)
Stlth    +.........             (no amulet)
HPRegen  0.13/turn              d - ring of see invisible
MPRegen  0.10/turn              (no ring)

@: confused
A: unfitting armour, cold-blooded, AC +5
a: Depart the Abyss, Renounce Religion


You were on level 2 of the Dungeon.
You worshipped Lugonu.
Lugonu was aware of your devotion.
You were not hungry.

You visited 1 branch of the dungeon, and saw 3 of its levels.
You visited the Abyss 1 time.

You collected 90 gold pieces.

Inventory:

Hand Weapons
 a - a +1 falchion (weapon)
Missiles
 e - 37 stones (quivered)
 g - 16 poisoned darts
Jewellery
 d - a ring of see invisible (left hand)
Scrolls
 b - a scroll of remove curse {unknown}
 c - a scroll of enchant armour {unknown}
 i - 3 scrolls of identify {unknown}
 k - a scroll of amnesia {unknown}
 l - a scroll of teleportation {unknown}
Potions
 f - 2 potions of flight {unknown}
 h - a potion of degeneration {unknown}
 m - a potion of invisibility {unknown}
Comestibles
 j - 2 chunks of flesh
 n - 2 rations


   Skills:
 + Level 3.8 Fighting
 + Level 2.6 Long Blades
 + Level 1.0 Throwing
 + Level 2.7 Dodging
 * Level 3.1 Invocations


You had 3 spell levels left.
You didn't know any spells.
Your spell library was empty.

Dungeon Overview and Level Annotations

Branches:
Dungeon (3/15)

Altars:
Makhleb
Zin


Innate Abilities, Weirdness & Mutations

Your plain brown scales are hard. (AC +5)
You cannot fit into any form of body armour.
You are cold-blooded and may be slowed by cold attacks.


Message History

The orc wizard casts a spell at you. The magic dart hits you.
Unknown command.
You closely miss the bat. The bat hits you.
The orc wizard casts a spell at you. The magic dart hits you!
The orc hits you with a +2 flail of protection.
* * * LOW HITPOINT WARNING * * *
Unknown command.
The bat closely misses you.
The orc wizard hits you but does no damage.
The orc closely misses you.
You climb upwards.
There is a stone staircase leading down, spattered with blood here.
Unknown command.
The orc wizard points at you and mumbles some strange words.
The puff of flame hits you.
* * * LOW HITPOINT WARNING * * *
The orc hits you with a +2 flail of protection.
You die...

.########.# #.......#
#.. .# #.# ##......# ###
.########.# #......#
.##.......#####......#
.##.#######......#####
.##.# #...####.# ....#
#......#.#
#########......#.#######
..##...........o@o.....#
..##............>......#
..##.............).....#
..##...................#
####...........#########
#................#
.................#
.................#
.................#


You could see an orc wizard and an orc.

Vanquished Creatures
  Terence (D:2)
  3 adders (D:2)
  A leopard gecko (D:1)
  An orc (D:2)
  A giant cockroach (D:1)
  3 goblins
  6 hobgoblins
  6 bats
  3 frilled lizards
  7 kobolds
  10 rats
42 creatures vanquished.

Notes
Turn   | Place    | Note
-------+----------+-------------------------------------------
     0 | Abyss:1  | sighowe the Draconian Abyssal Knight began the quest for
                  | the Orb.
     0 | Abyss:1  | Reached XP level 1. HP: 19/19 MP: 2/2
    31 | D:1      | Escaped the Abyss
   353 | D:1      | Reached * piety under Lugonu
   353 | D:1      | Reached XP level 2. HP: 23/26 MP: 3/3
  1098 | D:2      | Found a burning altar of Makhleb.
  1134 | D:2      | Found a glowing silver altar of Zin.
  1159 | D:2      | Reached XP level 3. HP: 31/33 MP: 4/4
  1175 | D:2      | Noticed Terence
  1197 | D:2      | Killed Terence
  1460 | D:2      | Reached skill level 1 in Throwing
  1460 | D:2      | Reached XP level 4. HP: 40/40 MP: 6/6
  1463 | D:2      | You fall into a shaft and drop 1 floor!
  2198 | D:2      | Slain by an orc

Illustrated notes

Levels and vault maps discovered:
D:1:      evilmike_arrival_plus, layout_loops_cross
D:2:      layout_basic, lightli_temple_of_fire, lemuel_crystal_altar,
          first_ration, uniq_terence
D:3:      minmay_roachtagon, layout_loops_corners, corexii_leaking_fountain,
          st_stairs_12, evilmike_ruin_ashenzari, uniq_sigmund

Skill      XL: |  1  2  3 |
---------------+----------+-----
Throwing       | 1 |  1.0
Invocations    | 3 |  3.1
Fighting       | |  3.8
Long Blades    | |  2.6
Dodging        | |  2.7

Action                   |  1- 3 |  4- 6 || total
-------------------------+-------+-------++-------
Melee: Falchion          |    76 |    48 ||   124
       Tailslap          |     4 |     5 ||     9
Throw: Stone             |       |     1 ||     1
Invok: Depart the Abyss  |     1 |       ||     1
  Eat: Ration            |     1 |       ||     1
       Chunk             |       |     1 ||     1
Armor: Skin              |    24 |    20 ||    44
Dodge: Dodged            |    59 |    43 ||   102
       Rpst.: Falchion   |    28 |    10 ||    38
